 Dungeon Crawl Stone Soup version 0.20.1-1-g8b1a95d (webtiles) character file.

27582 kae the Cruncher (level 13, -6/85 HPs)
             Began as a Gargoyle Gladiator on Sept 25, 2017.
             Was a High Priest of Makhleb.
             Mangled by an ice devil (23 damage)
             ... in an ice cave.
             The game lasted 00:17:04 (14030 turns).

kae the Cruncher (Gargoyle Gladiator)              Turns: 14030, Time: 00:17:05

Health: -6/85      AC: 19    Str: 27    XL:     13   Next: 33%
Magic:  21/21      EV: 14    Int: 10    God:    Makhleb [*****.]
Gold:   834        SH:  0    Dex: 12    Spells: 12/12 levels left

rFire    . . .     SeeInvis +   c - +5 quarterstaff (speed)
rCold    . . .     Gourm    .   (shield currently unavailable)
rNeg     + . .     Faith    .   b - +0 leather armour
rPois    ∞         Spirit   .   I - +0 helmet
rElec    +         Reflect  .   B - +0 cloak
rCorr    +         Harm     .   K - +1 pair of gloves of Kikubaaqudgha's Regard {*Corrode Regen+ SInv}
MR       .....                  y - +0 pair of boots
Stlth    +.........             (no amulet)
Regen    0.7/turn               l - ring of resist corrosion
MPRegen  0.2/turn               D - +6 ring of strength

@: no status effects
A: negative energy resistance 1, electricity resistance, unbreathing,
petrification resistance, rot immunity, AC +9
a: Minor Destruction, Lesser Servant of Makhleb, Major Destruction, Greater
Servant of Makhleb, Renounce Religion


You were in an ice cave.
You worshipped Makhleb.
Makhleb was extremely pleased with you.
You were not hungry.

You visited 3 branches of the dungeon, and saw 16 of its levels.
You also visited: Sewer and Ice Cave.

You collected 1298 gold pieces.
You spent 464 gold pieces at shops.

Inventory:

Hand Weapons
 a - a +1 quarterstaff
 c - a +5 quarterstaff of speed (weapon)
Missiles
 d - 4 throwing nets (quivered)
Armour
 b - a +0 leather armour (worn)
 y - a +0 pair of boots (worn)
 B - a +0 cloak (worn)
 I - a +0 helmet (worn)
 K - the +1 pair of gloves of Kikubaaqudgha's Regard (worn) {*Corrode Regen+ SInv}
   (You acquired it on level 11 of the Dungeon)

   It lets you see invisible.
   It increases your rate of regeneration.
   It may corrode you when you take damage.
Jewellery
 l - a ring of resist corrosion (left hand)
 D - a +6 ring of strength (right hand)
Wands
 m - a wand of disintegration (4/24)
 t - a wand of polymorph (4/24)
 x - a wand of polymorph (9/24)
 A - a wand of acid (8/15)
 C - a wand of flame (13/48)
 F - a wand of iceblast (5/15)
 H - a wand of paralysis (17/24)
 L - a wand of iceblast (9/15)
 O - a wand of lightning (3/15)
 S - a wand of confusion (12/48)
Scrolls
 e - 10 scrolls of identify
 h - 6 scrolls of remove curse
 k - 14 scrolls of teleportation
 n - a scroll of summoning
 J - 2 scrolls of recharging
 V - a scroll of fog
Potions
 g - 5 potions of haste
 i - 2 potions of resistance
 p - 7 potions of curing
 r - 2 potions of flight
 u - 3 potions of mutation
 v - a potion of might
 w - 2 potions of agility
 z - 3 potions of invisibility
 M - 3 potions of heal wounds
 N - a potion of cancellation
 P - a potion of berserk rage
Books
 s - a book of Minor Magic

   Spells                             Type                      Level
   a - Magic Dart                     Conjuration                  1
   b - Blink                          Translocation                2
   c - Call Imp                       Summoning                    2
   d - Slow                           Hexes                        2
   e - Conjure Flame                  Conjuration/Fire             3
   f - Mephitic Cloud                 Conjuration/Poison/Air       3
 E - a book of Geomancy

   Spells                             Type                      Level
   a - Sandblast                      Earth                        1
   b - Passwall                       Transmutation/Earth          2
   c - Stone Arrow                    Conjuration/Earth            3
   d - Petrify                        Transmutation/Earth          4
   e - Lee's Rapid Deconstruction     Earth                        5
 G - a book of Conjurations

   Spells                             Type                      Level
   a - Magic Dart                     Conjuration                  1
   b - Searing Ray                    Conjuration                  2
   c - Dazzling Spray                 Conjuration/Hexes            3
   d - Fulminant Prism                Conjuration/Hexes            4
   e - Force Lance                    Conjuration/Translocation    4
   f - Iskenderun's Mystic Blast      Conjuration                  4
 Q - a book of Callings

   Spells                             Type                      Level
   a - Summon Small Mammal            Summoning                    1
   b - Call Imp                       Summoning                    2
   c - Call Canine Familiar           Summoning                    3
   d - Summon Guardian Golem          Hexes/Summoning              3
   e - Summon Lightning Spire         Summoning/Air                4
   f - Summon Ice Beast               Ice/Summoning                4
 R - a book of Debilitation

   Spells                             Type                      Level
   a - Corona                         Hexes                        1
   b - Slow                           Hexes                        2
   c - Inner Flame                    Hexes/Fire                   3
   d - Portal Projectile              Hexes/Translocation          3
   e - Cause Fear                     Hexes                        4
   f - Leda's Liquefaction            Hexes/Earth                  4
 T - a book of Battle

   Spells                             Type                      Level
   a - Infusion                       Charms                       1
   b - Shroud of Golubria             Charms/Translocation         2
   c - Song of Slaying                Charms                       2
   d - Spectral Weapon                Hexes/Charms                 3
   e - Regeneration                   Charms/Necromancy            3
 U - a Young Poisoner's Handbook

   Spells                             Type                      Level
   a - Sting                          Conjuration/Poison           1
   b - Poisonous Vapours              Poison/Air                   2
   c - Mephitic Cloud                 Conjuration/Poison/Air       3
   d - Olgreb's Toxic Radiance        Poison                       4
   e - Venom Bolt                     Conjuration/Poison           5
Comestibles
 f - 9 bread rations
 j - 26 fruits
 o - 6 meat rations
 q - 7 royal jellies


   Skills:
 + Level 11.8 Fighting
 * Level 14.7 Staves
 - Level 1.7 Throwing
 + Level 6.0 Armour
 + Level 4.8 Dodging
 + Level 10.9 Invocations


You had 12 spell levels left.
You didn't know any spells.

Dungeon Overview and Level Annotations

Branches:
Dungeon (11/15)            Temple (1/1) D:4            Lair (4/6) D:11
 Shoals (0/4) Lair:3        Snake (0/4) Lair:3          Orc (0/2) D:9

Altars:
Ashenzari
Cheibriados
Dithmenos
Elyvilon
Fedhas
Gozag
Hepliaklqana
Kikubaaqudgha
Makhleb
Nemelex Xobeh
Okawaru
Qazlal
Ru
Sif Muna
Trog
Uskayaw
Vehumet
Xom
Yredelemnul
Zin
The Shining One

Shops:
D:6 *   D:7 =   D:8 (


Innate Abilities, Weirdness & Mutations

You are resistant to torment.
Your stone body is resilient. (AC +9)
You are immune to poison.
You resist negative energy. (rN+)
You are resistant to electric shocks. (rElec)
You can survive without breathing.
You are immune to petrification.
You are immune to rotting.


Message History

Your ufetubus resists.
Your ufetubus dies!
You hit the ice devil but do no damage.
The ice devil is heavily wounded.
The ice devil closely misses your ynoxinul.
Your ufetubus hits the ice devil but does no damage. x2
Your orange demon misses the ice devil.
Your orange demon hits the ice devil but does no damage.
Your ynoxinul closely misses the ice devil.
The ice devil hits your ynoxinul!
Your ynoxinul dies!
Your ufetubus disappears in a puff of smoke! x2
You barely miss the ice devil.
The ice devil is heavily wounded.
You sock the ice devil!
The ice devil is almost dead.
The ice devil hits you!
* * * LOW HITPOINT WARNING * * *
The ice devil freezes you!!
You die...

##...##
##.....##
#...∩...#
#...∩...#
##.....##
##...## #...##
##...# ##§@§#
#..4## ##.44##
#.444.#
#...........#
.............#
.............#
..............#
..............#


You could see 5 ice devils and a friendly orange demon.

Vanquished Creatures
  A hydra (Lair:2)
  Fannar (D:9)
  3 death yaks (Lair:4)
  3 two-headed ogres
  2 unseen horrors
  Pikel (D:6)
  An ugly thing (D:9)
  2 centaur zombies (D:10)
  A black mamba (Lair:3)
  A gargoyle (D:11)
  6 spiny frogs
  Grinder (D:6)
  5 blink frogs (Lair:2)
  A hippogriff (Lair:1)
  2 shadows (D:11)
  A spriggan (D:8)
  A water elemental (D:11)
  34 yaks
  2 wyverns
  A basilisk (Lair:3)
  A steam dragon (D:9)
  A naga (Lair:3)
  3 porcupines
  5 water moccasins
  4 orc warriors
  2 black bears
  An ice beast (D:5)
  2 phantoms
  A slave (D:6)
  3 sky beasts
  A swamp drake (D:9)
  A necrophage (D:9)
  2 eyes of draining
  12 wolves
  7 centaurs
  4 ogres
  6 crocodiles
  2 big kobolds
  13 bullfrogs
  A scorpion (D:6)
  7 killer bees
  13 wights
  3 howler monkeys
  An electric eel (D:11)
  3 crimson imps
  2 bullfrog zombies
  4 hounds
  2 quasits (D:8)
  9 orc wizards
  2 centaur skeletons
  8 orc priests
  3 jellies
  3 bullfrog skeletons
  2 iguanas
  10 worker ants
  A hound zombie (D:10)
  A hound skeleton (D:10)
  4 worker ant zombies
  3 gnolls (D:2)
  9 adders
  A river rat (D:4)
  2 shadow imps
  12 white imps (Lair:4)
  An ooze (D:2)
  An adder skeleton (D:7)
  3 worms
  2 dart slugs
  3 leopard geckos
  45 orcs
  A ball python (D:8)
  9 bats
  8 giant cockroaches
  7 goblins
  4 hobgoblins
  4 jackals
  4 quokkas
  7 frilled lizards
  15 kobolds
  2 quokka skeletons
  A quokka zombie (D:7)
  17 rats
  A bush (D:10)
  27 plants (D:10)
409 creatures vanquished.

Vanquished Creatures (collateral kills)
  The ghost of Frank the Blocker, a journeyman OpFi of Fedhas (D:11)
  A hydra (Lair:3)
  A death yak (Lair:4)
  A troll (D:11)
  3 yaks
  A centaur (Lair:3)
  2 electric eels (D:11)
  2 hounds (D:11)
  An adder (D:6)
  An orc (D:6)
  A plant (Lair:3)
15 creatures vanquished.

Vanquished Creatures (others)
  A slave (D:6)
  A giant cockroach (D:6)
  A quokka (D:6)
  3 bushes (Lair:4)
  18 plants
24 creatures vanquished.

Grand Total: 448 creatures vanquished

Notes
Turn   | Place    | Note
-------+----------+-------------------------------------------
     0 | D:1      | kae the Gargoyle Gladiator began the quest for the Orb.
     0 | D:1      | Reached XP level 1. HP: 12/12 MP: 1/1
    37 | D:1      | Reached XP level 2. HP: 18/18 MP: 2/2
   479 | D:1      | Reached XP level 3. HP: 22/22 MP: 3/3
   733 | D:2      | Reached skill level 4 in Staves
   823 | D:2      | Reached XP level 4. HP: 28/28 MP: 4/4
   978 | D:2      | HP: 1/28 [gnoll/halberd (10)]
  1504 | D:3      | Reached XP level 5. HP: 32/32 MP: 5/5
  1578 | D:3      | Reached skill level 5 in Staves
  1590 | D:3      | Found a bloodstained altar of Trog.
  1826 | D:3      | Found a sacrificial altar of Ru.
  2020 | D:4      | Found a glowing drain.
  2105 | Sewer    | Entered a sewer
  2201 | Sewer    | Noticed a big kobold
  2221 | Sewer    | Killed a big kobold
  2225 | Sewer    | Reached XP level 6. HP: 33/38 MP: 6/6
  2283 | Sewer    | Found a glowing silver altar of Zin.
  2514 | D:4      | Reached skill level 6 in Staves
  2605 | D:4      | Found a staircase to the Ecumenical Temple.
  2664 | Temple   | Entered the Ecumenical Temple
  2741 | Temple   | Became a worshipper of Makhleb the Destroyer
  2923 | D:4      | Found a glowing golden altar of the Shining One.
  3187 | D:5      | Entered Level 5 of the Dungeon
  3420 | D:5      | Noticed an ice beast
  3433 | D:5      | Killed an ice beast
  3433 | D:5      | Reached skill level 1 in Invocations
  3433 | D:5      | Reached XP level 7. HP: 26/44 MP: 7/7
  3648 | D:5      | Reached skill level 5 in Fighting
  3695 | D:5      | Found an iron altar of Okawaru.
  4279 | D:6      | Noticed Pikel
  4279 | D:6      | Found Ufoijei's Assorted Antiques.
  4302 | D:6      | Killed Pikel
  4302 | D:6      | Reached skill level 7 in Staves
  4302 | D:6      | Reached XP level 8. HP: 35/51 MP: 8/10
  4433 | D:6      | Noticed Grinder
  4448 | D:6      | Paralysed by Grinder for 3 turns
  4453 | D:6      | Killed Grinder
  4453 | D:6      | Reached skill level 8 in Staves
  4816 | D:7      | Found a basalt altar of Yredelemnul.
  4848 | D:7      | Found a basalt altar of Yredelemnul.
  4848 | D:7      | Found a stormy altar of Qazlal.
  4917 | D:7      | Reached * piety under Makhleb
  5099 | D:7      | Found Sesexaowk's Jewellery Shop.
  5107 | D:7      | Reached XP level 9. HP: 56/56 MP: 12/12
  5127 | D:7      | Reached skill level 9 in Staves
  5154 | D:7      | Reached skill level 5 in Invocations
  5482 | D:7      | Found a hazy altar of Hepliaklqana.
  5484 | D:7      | Found a deep blue altar of Sif Muna.
  5484 | D:7      | Found an ancient bone altar of Kikubaaqudgha.
  5487 | D:7      | Found a shimmering altar of Xom.
  5487 | D:7      | Found an ancient bone altar of Kikubaaqudgha.
  5487 | D:7      | Found a shimmering altar of Xom.
  6033 | D:8      | Reached ** piety under Makhleb
  6155 | D:8      | Reached skill level 10 in Staves
  6394 | D:8      | Noticed a two-headed ogre
  6403 | D:8      | Killed a two-headed ogre
  6403 | D:8      | Reached XP level 10. HP: 28/65 MP: 13/15
  6633 | D:8      | Found Otis's Weapon Boutique.
  6671 | D:8      | Bought a +3 quarterstaff of speed for 464 gold pieces
  6731 | D:9      | Noticed a two-headed ogre
  6799 | D:9      | Noticed a purple ugly thing
  6821 | D:9      | Killed a purple ugly thing
  6821 | D:9      | Reached skill level 11 in Staves
  7334 | D:9      | Found a staircase to the Orcish Mines.
  7346 | D:9      | Reached *** piety under Makhleb
  7505 | D:9      | Killed a two-headed ogre
  7836 | D:10     | Entered Level 10 of the Dungeon
  7836 | D:10     | Noticed Fannar
  7846 | D:9      | Killed Fannar
  7846 | D:9      | Reached skill level 12 in Staves
  7846 | D:9      | Reached XP level 11. HP: 71/71 MP: 17/17
  8203 | D:10     | Reached skill level 10 in Fighting
  8213 | D:10     | Noticed a two-headed ogre
  8233 | D:10     | Killed a two-headed ogre
  8436 | D:10     | Killed an unseen horror
  8827 | D:10     | Reached skill level 13 in Staves
  9095 | D:10     | Reached **** piety under Makhleb
  9824 | D:11     | Noticed Frank's ghost (journeyman OpFi)
  9839 | D:11     | Killed Frank's ghost
  9839 | D:11     | Reached skill level 1 in Armour
  9894 | D:11     | Found a staircase to the Lair.
 10140 | D:11     | Identified a scroll of acquirement
 10141 | D:11     | Got a pair of steaming gloves
 10158 | D:11     | Identified the +1 pair of gloves of Kikubaaqudgha's Regard {*Corrode Regen+ SInv} (You acquired it on level 11 of the Dungeon)
 10171 | D:11     | Noticed an unseen horror
 10180 | D:11     | Killed an unseen horror
 10180 | D:11     | Reached XP level 12. HP: 75/79 MP: 19/19
 10681 | Lair:1   | Entered Level 1 of the Lair of Beasts
 11566 | Lair:2   | Noticed a four-headed hydra
 11575 | Lair:2   | Killed a four-headed hydra
 11575 | Lair:2   | Reached skill level 10 in Invocations
 12001 | Lair:2   | Reached ***** piety under Makhleb
 12001 | Lair:2   | Reached skill level 14 in Staves
 12399 | Lair:3   | Found a staircase to the Snake Pit.
 12494 | Lair:3   | Found a staircase to the Shoals.
 12917 | Lair:3   | Noticed an eight-headed hydra
 13206 | Lair:3   | Killed an eight-headed hydra
 13206 | Lair:3   | Reached skill level 5 in Armour
 13400 | Lair:4   | Reached XP level 13. HP: 84/84 MP: 20/20
 14000 | Lair:4   | Found a frozen archway.
 14006 | IceCv    | Entered an ice cave
 14030 | IceCv    | Mangled by an ice devil

Skill      XL: |  1  2  3  4  5  6  7  8  9 10 11 12 13 |
---------------+----------------------------------------+-----
Fighting       | 3 4 6 8 9 10 11 | 11.8
Staves         | 4 5 6 7 8 10 12 13 14 | 14.7
Invocations    | 1 3 4 6 8 9 10 | 10.9
Armour         | 1 5 6 |  6.0
Dodging        | 4 |  4.8
Throwing       | |  1.7

Action                   |  1- 3 |  4- 6 |  7- 9 | 10-12 | 13-15 || total
-------------------------+-------+-------+-------+-------+-------++-------
Melee: Quarterstaff      |   112 |   176 |   330 |  1072 |   182 ||  1872
Invok: Minor Destruction |       |       |       |     2 |       ||     2
       Lesser Servant of |       |       |       |     8 |     4 ||    12
Evoke: Wand              |       |       |     3 |     5 |       ||     8
  Use: Potion            |       |     4 |     3 |     2 |       ||     9
       Scroll            |       |       |    19 |     8 |       ||    27
 Stab: Confused          |       |       |       |     1 |       ||     1
       Distracted        |       |       |       |       |     2 ||     2
  Eat: Chunk             |       |     8 |    10 |    20 |       ||    38
       Meat ration       |       |       |       |     1 |       ||     1
Armor: Leather armour    |    62 |    54 |   111 |   255 |    26 ||   508
       Skin              |       |       |    26 |       |       ||    26
Dodge: Dodged            |   102 |   110 |   178 |   306 |    44 ||   740
